 Dungeon Crawl Stone Soup version 0.18.1-50-g88ac8fd (webtiles) character file.

205 mopl the Cutter (level 5, -10/26 HPs)
             Began as a Vine Stalker Warper on Apr 19, 2019.
             Killed by divine providence
             ... invoked by an orc priest
              (12 damage)
             ... on level 3 of the Dungeon.
             The game lasted 00:03:15 (2469 turns).

mopl the Cutter (Vine Stalker Warper)               Turns: 2469, Time: 00:03:16

Health: -10/26     AC:  4    Str: 13    XL:     5   Next: 83%
Magic:  0/9        EV: 12    Int: 13    God:
Gold:   135        SH:  0    Dex: 15    Spells: 2 memorised, 5 levels left

rFire  . . .     SeeInvis .     a - +0 short sword
rCold  . . .     Gourm    .     b - +0 leather armour
rNeg   . . .     Faith    .     (no shield)
rPois  .         Spirit   +     (no helmet)
rElec  .         Dismiss  .     (no cloak)
rCorr  .         Reflect  .     (no gloves)
SustAt .         Harm     .     v - +0 pair of boots
MR     .....                    (no amulet)
Stlth  ++........               (no ring)
                                (no ring)

@: lethally poisoned (-10 -> -15), not resistant to hostile enchantments,
unstealthy
A: fangs 2, regeneration 1, magic shield, antimagic bite, no device heal 3, rot
immunity
a: no special abilities


You were on level 3 of the Dungeon.
You were not hungry.

You visited 1 branch of the dungeon, and saw 3 of its levels.

You collected 135 gold pieces.

Inventory:

Hand Weapons
 a - a +0 short sword (weapon)
Missiles
 e - 5 tomahawks of dispersal
 i - 3 tomahawks (quivered)
 k - 17 poisoned needles
Armour
 b - a +0 leather armour (worn)
 v - a +0 pair of boots (worn)
Jewellery
 u - a +2 ring of evasion {unknown}
Wands
 s - a wand of random effects (20/48)
Scrolls
 d - a scroll of blinking
 g - a scroll of noise {unknown}
 h - 4 scrolls of enchant armour {unknown}
 j - 3 scrolls of amnesia {unknown}
 l - 2 scrolls of teleportation {unknown}
 p - a scroll of identify {unknown}
 t - 2 scrolls of fear {unknown}
Potions
 n - 3 potions of brilliance {unknown}
 o - a potion of cure mutation {unknown}
 q - 2 potions of haste {unknown}
Books
 c - a book of Spatial Translocations

   Spells                             Type                      Level
   a - Apportation                    Translocation                1
   b - Blink                          Translocation                2
   c - Shroud of Golubria             Charms/Translocation         2
   d - Portal Projectile              Translocation                3
   e - Teleport Other                 Translocation                3
   f - Passage of Golubria            Translocation                4
Comestibles
 f - a bread ration
 m - a slice of pizza
 r - 3 chunks of flesh


   Skills:
 - Level 1.7 Fighting
 * Level 4.5 Short Blades
 - Level 0.8 Throwing
 - Level 0.7 Armour
 - Level 1.5 Dodging
 + Level 2.7 Stealth
 - Level 2.1 Spellcasting
 - Level 3.0 Translocations
 + Level 1.2 Evocations


You had 5 spell levels left.
You knew the following spells:

 Your Spells              Type           Power        Failure   Level  Hunger
a - Apportation           Tloc           #.........   12%         1    ##.....
e - Blink                 Tloc           N/A          14%         2    ###....


Dungeon Overview and Level Annotations

Branches:
Dungeon (3/15)

Altars:
Dithmenos
Ru
Xom
Yredelemnul


Innate Abilities, Weirdness & Mutations

You have extremely sharp teeth.
Your natural rate of healing is unusually fast.
When hurt, damage is shared between your health and your magic reserves.
Your bite disrupts and absorbs the magic of your enemies.
Potions and wands cannot restore your health.
You are immune to rotting.


Message History

You hit the orc priest. Your bite misses the orc priest.
The orc priest is moderately wounded.
You closely miss the orc. You barely miss the orc priest.
Your bite misses the orc priest.
The orc priest is moderately wounded.
The orc hits you with a war axe. The orc priest hits you.
You hit the orc priest but do no damage.
You bite the orc priest, but do no damage.
The orc priest is moderately wounded.
The orc hits you with a flail of venom!
You are poisoned.
The orc hits you with a war axe.
The orc priest mumbles some strange prayers to Beogh against you.
Beogh smites you!
* * * LOW HITPOINT WARNING * * *
* * * LOW HITPOINT WARNING * * *
You feel sick.
The orc throws a stone.
The stone barely misses you.
The orc priest mumbles some strange prayers to Beogh against you.
Beogh smites you!
You die...

###.........##.....# #.#
...#......####.....# #.#
...#......# #.....# #.#
...#......# #.....# #.#
#####.....# #.....# #.# #
####'## #.....# #####.# #
#.#####..o.o# #.....# #
#........o..###.##### #
#########@......#
########## #.#######
.........# ###'########
.........# #.....[....#
.........# #..........#
.........# #...)......#
.........### #..........#
...........########'#####
....................#


You could see an orc priest and 2 orcs.

Vanquished Creatures
  An ogre (D:3)
  An orc wizard (D:3)
  2 adders
  A worm (D:3)
  2 dart slugs (D:1)
  A giant gecko (D:1)
  4 orcs (D:3)
  4 giant cockroaches
  12 goblins
  7 hobgoblins
  4 jackals (D:3)
  A bat (D:1)
  4 giant newts (D:1)
  5 kobolds (D:1)
  9 rats
  A butterfly (D:3)
59 creatures vanquished.

Notes
Turn   | Place    | Note
--------------------------------------------------------------
     0 | D:1      | mopl the Vine Stalker Warper began the quest for the Orb.
     0 | D:1      | Reached XP level 1. HP: 11/11 MP: 4/4
     0 | D:1      | Noticed a centaur
     0 | D:1      | Noticed a naga
     1 | D:1      | Noticed a minotaur
     3 | D:1      | Noticed a dwarf
     3 | D:1      | Noticed an elf
     5 | D:1      | Noticed a draconian
     6 | D:1      | Noticed an elf
     7 | D:1      | Noticed an ogre
    12 | D:1      | Noticed a formicid
    13 | D:1      | Noticed an octopode
    14 | D:1      | Noticed a vine stalker
    14 | D:1      | Noticed a dwarf
    16 | D:1      | Noticed a gargoyle
    16 | D:1      | Noticed a human
    18 | D:1      | Noticed an elf
    79 | D:1      | Reached skill level 2 in Short Blades
   166 | D:1      | Reached XP level 2. HP: 15/15 MP: 6/6
   181 | D:1      | Learned a level 2 spell: Blink
   316 | D:1      | Reached skill level 3 in Short Blades
   570 | D:1      | Reached XP level 3. HP: 9/18 MP: 7/7
   955 | D:2      | Found a sacrificial altar of Ru.
   983 | D:2      | Found a shadowy altar of Dithmenos.
  1099 | D:2      | Reached skill level 1 in Stealth
  1408 | D:2      | Found a basalt altar of Yredelemnul.
  1921 | D:3      | Reached XP level 4. HP: 14/23 MP: 8/8
  2006 | D:3      | Reached skill level 2 in Stealth
  2030 | D:3      | Found a shimmering altar of Xom.
  2226 | D:3      | Reached skill level 4 in Short Blades
  2226 | D:3      | Reached XP level 5. HP: 20/26 MP: 9/9
  2385 | D:3      | Noticed an ogre
  2391 | D:3      | Killed an ogre
  2391 | D:3      | Reached skill level 1 in Evocations
  2469 | D:3      | Killed from afar by an orc priest

Skill      XL: |  1  2  3  4  5 |
---------------+----------------+-----
Short Blades   | 2 3 4 |  4.5
Stealth        | 1 2 |  2.7
Evocations     | 1 |  1.2
Fighting       | |  1.7
Throwing       | |  0.8
Armour         | |  0.7
Dodging        | |  1.5
Spellcasting   | |  2.1
Translocations | |  3.0

Action                   |  1- 3 |  4- 6 || total
-------------------------+-------+-------++-------
Melee: Short sword       |   131 |   100 ||   231
       Bite              |    31 |    31 ||    62
Evoke: Wand              |       |     5 ||     5
 Stab: Sleeping          |     3 |       ||     3
  Eat: Chunk             |     3 |     2 ||     5
Armor: Leather armour    |    27 |    21 ||    48
Dodge: Dodged            |    71 |    56 ||   127
